 Dungeon Crawl Stone Soup version 0.30.1-11-g7821555f0a (webtiles) character file.

Game seed: 934023430877911717

12231 anacleto the Grappler (level 11, -14/172 HPs)
             Began as a Troll Berserker on Dec 15, 2023.
             Was a Priest of Trog.
             Succumbed to Sonja's poison
             ... on level 12 of the Dungeon.
             The game lasted 00:34:35 (10745 turns).

anacleto the Grappler (Troll Berserker)            Turns: 10745, Time: 00:34:36

Health: -14/172    AC:  9    Str: 31    XL:     11   Next: 59%
Magic:  12/12      EV: 12    Int:  3    God:    Trog [***...]
Gold:   824        SH:  5    Dex:  9    Spells: 10/10 levels left

rFire   . .          .
                       - Unarmed
rCold   . . .        (no shield)
rNeg    . . .        J - +0 steam dragon scales
rPois   .            w - +1 hat {Stlth+}
rElec   .            s - +0 cloak
rCorr   .            (gloves unavailable)
SInv    .            (boots unavailable)
Will    .....        H - amulet of reflection Stlth
                     C - ring of flight
HPRegen 1.28/turn    (no ring)
MPRegen 0.13/turn

%: reflection
@: berserking, lethally poisoned (-14 -> -92), flying, slowed
A: large, unfitting armour, claws 3, regeneration 1, shaggy fur 1, tough skin 1
a: Renounce Religion, Berserk, Trog's Hand


You were on level 12 of the Dungeon.
You worshipped Trog.
Trog was most pleased with you.
You visited 1 branch of the dungeon, and saw 12 of its levels.
You also visited: Ossuary.

You collected 824 gold pieces.

Inventory:

Missiles
 D - 9 throwing nets (quivered)
 E - 10 atropa-tipped darts
 G - 6 boomerangs
 M - 3 large rocks
 P - a curare-tipped dart
Armour
 s - a +0 cloak (worn)
 w - a +1 hat of stealth (worn)
 J - +0 steam dragon scales (worn)
Jewellery
 o - an amulet of regeneration
 z - an amulet of faith
 A - a +6 ring of dexterity
 C - a ring of flight (left claw)
 H - an amulet of reflection (around neck)
 K - a ring of poison resistance
Wands
 j - a wand of digging (8)
 q - a wand of polymorph (5)
 t - a wand of flame (6)
 O - a wand of acid (1)
Scrolls
 a - a scroll of brand weapon
 b - a scroll of amnesia
 e - 2 scrolls of enchant armour
 l - 2 scrolls of fog
 p - 2 scrolls of blinking
 r - 2 scrolls of poison
 u - a scroll of magic mapping
 v - 3 scrolls of silence
 y - a scroll of vulnerability
 B - 4 scrolls of immolation
 Q - a scroll of identify
Potions
 c - a potion of curing
 d - a potion of attraction {unknown}
 f - 3 potions of lignification
 g - a potion of haste
 h - 4 potions of ambrosia
 i - 2 potions of berserk rage
 k - a potion of heal wounds
 m - 2 potions of resistance {unknown}
 n - 4 potions of might
 x - 3 potions of flight {unknown}
 I - a potion of cancellation {unknown}
 L - a potion of mutation {unknown}
 N - a potion of brilliance {unknown}


   Skills:
 + Level 9.1 Fighting
 + Level 2.5 Throwing
 + Level 9.1 Dodging
 + Level 10.8 Unarmed Combat
 + Level 3.9 Invocations


You had 10 spell levels left.
You didn't know any spells.
Your spell library was empty.

Dungeon Overview and Level Annotations

Branches:
Dungeon (12/15)            Temple (0/1) D:5         Ossuary (visited)
   Lair: D:8-11         Orc: D:9-12

Altars:
Ashenzari
Hepliaklqana
Sif Muna
Trog
Jiyva

Shops:
D:4 *:

Annotations:
D:8 3 runed translucent doors, bairyn's ghost, novice MiFi
D:12 Sonja


Innate Abilities, Weirdness & Mutations

You are too large for most types of armour.
You have claws for hands.
Your natural rate of healing is unusually fast.
You are covered in fur. (AC +1)
You have tough skin. (AC +1)


Message History

You block something's attack. Something hits you!
You are more poisoned.
Something hits you!
You are more poisoned.
Something hits you.
You are more poisoned.
You feel much better.
You feel extremely sick. Something hits you but does no damage.
You are more poisoned.
Something hits you.
You are more poisoned.
Something completely misses you. x2; Something barely misses you.
You block something's attack.
A red film seems to cover your vision as you go berserk!
You feel yourself moving faster!
You feel mighty!
* * * LOW HITPOINT WARNING * * *
You feel extremely sick. Something hits you.
* * * LOW HITPOINT WARNING * * *
You are more poisoned.
Something barely misses you. You block something's attack.
Something hits you but does no damage.
You are more poisoned.
Something hits you.
* * * LOW HITPOINT WARNING * * *
Something hits you.
* * * LOW HITPOINT WARNING * * *
You are more poisoned.
You feel a strong urge to attack something.
* * * LOW HITPOINT WARNING * * *
You feel extremely sick. Something hits you but does no damage.
You are more poisoned.
Something hits you.
* * * LOW HITPOINT WARNING * * *
You are more poisoned.
You block something's attack.
You closely miss something.
You die...

#....... #####.## # #... #. ####
#. ######### ####### ##.###
####.......#####...... ###....#
#..'.......##.........
.......#####.##.{....)##.##......
#..........##.@>....)).##......
#....########......)#####>.....
###.## ######'## #...... #. ##.<#
#...... #. #..## ####### #. #.##
#. ## ######'## ###. #.......#
#... #.......# ###'##


There were no monsters in sight!

Vanquished Creatures
  Gastronok (D:10)
  2 two-headed ogres (D:11)
  A deep elf pyromancer (D:12)
  A cyclops (D:11)
  Maggie (D:6)
  2 gargoyles
  3 unseen horrors
  2 komodo dragons
  4 trolls
  A blink frog (D:5)
  Grum (D:11)
  Menkaure (D:6)
  A water moccasin (D:6)
  4 orc warriors
  4 sky beasts
  2 ice beasts
  2 black bears
  6 wolves
  4 ogres
  4 centaurs
  2 phantoms
  An elf zombie (Ossuary)
  2 kobold brigands
  2 elf skeletons (D:8)
  4 gnoll sergeants
  2 scorpions (D:5)
  8 wights
  3 killer bees (D:7)
  2 electric eels (D:8)
  2 howler monkeys (D:9)
  7 hounds
  4 gnoll boudas
  5 orc priests
  A human zombie (Ossuary)
  7 iguanas
  12 orc wizards
  3 human skeletons (D:8)
  2 hound zombies (Ossuary)
  4 mummies (Ossuary)
  7 adders
  37 gnolls
  9 river rats (D:5)
  2 white imps (D:6)
  An ufetubus (D:7)
  An adder zombie (Ossuary)
  2 worms (D:2)
  52 orcs
  4 ball pythons (D:2)
  2 bats (D:2)
  5 endoplasms
  3 giant cockroaches
  A gnoll zombie (Ossuary)
  4 goblins
  6 hobgoblins
  7 jackals
  8 quokkas
  A frilled lizard (D:1)
  2 goblin zombies (Ossuary)
  14 kobolds
  2 kobold zombies (Ossuary)
  An orc skeleton (D:8)
  An orc zombie (Ossuary)
  22 rats
  A rat zombie (Ossuary)
315 creatures vanquished.

Notes
Turn   | Place    | Note
-------+----------+-------------------------------------------
     0 | D:1      | anacleto the Troll Berserker began the quest for the Orb.
     0 | D:1      | Reached XP level 1. HP: 22/22 MP: 0/0
   547 | D:2      | Reached XP level 2. HP: 29/29 MP: 1/1
   585 | D:2      | Found a hazy altar of Hepliaklqana.
   680 | D:2      | Reached XP level 3. HP: 36/36 MP: 2/2
  1064 | D:3      | Found a faded altar of an unknown god.
  1460 | D:3      | Reached ** piety under Trog
  1613 | D:4      | Found Bdiumose's Bounteous Boutique.
  1659 | D:4      | Reached XP level 4. HP: 34/45 MP: 3/3
  1911 | D:4      | Reached skill level 4 in Unarmed Combat
  1920 | D:4      | Noticed an ogre
  1967 | D:4      | Killed an ogre
  1968 | D:4      | Reached XP level 5. HP: 53/53 MP: 4/4
  2326 | D:4      | Found Essouca's Book Shoppe.
  2385 | D:4      | Noticed an ogre
  2390 | D:4      | Killed an ogre
  2391 | D:4      | Reached XP level 6. HP: 62/62 MP: 5/5
  2402 | D:4      | Identified the +5 chain mail "Ynaek" {rN+}
  2452 | D:4      | Reached skill level 5 in Unarmed Combat
  2737 | D:5      | Entered Level 5 of the Dungeon
  2830 | D:5      | Reached XP level 7. HP: 70/70 MP: 6/6
  2964 | D:5      | Reached *** piety under Trog
  3173 | D:5      | Reached skill level 6 in Unarmed Combat
  3183 | D:5      | Reached skill level 5 in Fighting
  3183 | D:5      | Reached skill level 5 in Dodging
  3183 | D:5      | Reached XP level 8. HP: 80/80 MP: 7/7
  3353 | D:5      | Found a staircase to the Ecumenical Temple.
  3988 | D:6      | Reached **** piety under Trog
  4268 | D:6      | Noticed Pikel
  4269 | D:6      | Pikel changed into Pikel the blink frog
  4269 | D:6      | Noticed Pikel
  4303 | D:5      | Killed Pikel the blink frog
  4304 | D:5      | Reached skill level 7 in Unarmed Combat
  4424 | D:6      | Noticed Maggie
  4429 | D:6      | Noticed Menkaure
  4437 | D:6      | Killed Maggie
  4438 | D:6      | Reached XP level 9. HP: 91/91 MP: 8/8
  4441 | D:6      | Killed Menkaure
  4656 | D:6      | Reached skill level 8 in Unarmed Combat
  5293 | D:7      | Found a broken altar of Ashenzari.
  5296 | D:7      | Found a shimmering blue altar of Sif Muna.
  5301 | D:7      | Found a bloodstained altar of Trog.
  5523 | D:8      | Found a runed translucent gate.
  5523 | D:8      | Found a runed translucent gate.
  5524 | D:8      | Found a runed translucent gate.
  5608 | D:8      | Found a sand-covered staircase.
  5625 | Ossuary  | Entered an ossuary
  5978 | D:8      | Noticed bairyn's ghost (novice MiFi)
  6114 | D:8      | Reached XP level 10. HP: 47/102 MP: 9/9
  6127 | D:8      | Reached skill level 9 in Unarmed Combat
  6862 | D:8      | Found a viscous altar of Jiyva.
  7460 | D:9      | Noticed a gargoyle
  7469 | D:9      | Killed a gargoyle
  7626 | D:9      | Reached skill level 10 in Unarmed Combat
  8305 | D:10     | Entered Level 10 of the Dungeon
  8349 | D:10     | Noticed Gastronok
  8350 | D:10     | Identified the +6 hand axe of Dema {freeze, rC+ Dex+4
                  | Stlth+}
  8365 | D:11     | Noticed a gargoyle
  8378 | D:11     | Killed a gargoyle
  8379 | D:11     | Reached skill level 1 in Invocations
  9013 | D:11     | Noticed a two-headed ogre
  9013 | D:11     | Noticed a cyclops
  9246 | D:10     | Killed Gastronok
  9247 | D:10     | Reached XP level 11. HP: 113/113 MP: 11/11
  9737 | D:11     | Reached skill level 1 in Throwing
  9807 | D:11     | Killed a two-headed ogre
  9939 | D:11     | Noticed Grum
  9940 | D:11     | Noticed a two-headed ogre
  9957 | D:11     | Killed Grum
  9962 | D:11     | Killed a two-headed ogre
 10398 | D:12     | Noticed a deep elf pyromancer
 10400 | D:12     | Killed a deep elf pyromancer
 10720 | D:12     | Noticed Sonja
 10744 | D:12     | HP: 5/172 [poisoned by Sonja]
 10744 | D:12     | HP: 2/172 [something (3)]
 10745 | D:12     | Succumbed to Sonja's poison

Illustrated notes

Levels and vault maps discovered:
D:1:      spicycebolla_arrival_xxxplode, layout_basic,
          chequers_serial_rivers_micro_b
D:2:      layout_basic, basic_altar
D:3:      layout_basic, ebering_ecumenical_altar_rust, grunt_ministairs_1
D:4:      layout_basic, serial_shops, nicolae_book_shop_shelving,
          minmay_misc_feat_room, st_stairs_3, nicolae_alphabet_shops
D:5:      lemuel_ratsnest, layout_basic, minmay_temple_entry_sparse_star
D:6:      layout_gridville, uniq_maggie, uniq_menkaure, uniq_pikel
D:7:      layout_rooms, grunt_temple_overflow_diamond
D:8:      layout_cave_pools, erik_lair_island, serial_gnoll_camp,
          gnoll_camp_mini_loothouse, gnoll_camp_medium_02, gnoll_camp_medium_01,
          gnoll_camp_mini_shop, gammafunk_ghost_ooze,
          nicolae_ossuary_entry_catacombs, minmay_door_square,
          columned_hall_lemuel
D:9:      layout_gridville
D:10:     layout_cave_pools, uniq_gastronok
D:11:     layout_roguey, serial_aquarium, aquarium_bridge_straight
          [aquarium_subvault_bridge, aquarium_subvault_window,
          aquarium_subvault_bridge, aquarium_subvault_wall],
          aquarium_bridge_straight [aquarium_subvault_bridge,
          aquarium_subvault_window, aquarium_subvault_bridge,
          aquarium_subvault_wall], aquarium_window_double,
          aquarium_window_corner, aquarium_window_3, aquarium_view_2d,
          aquarium_view_2b, aquarium_pool_double, uniq_grum
D:12:     layout_roguey, orc_0_dummy, uniq_sonja

Skill      XL: |  1  2  3  4  5  6  7  8  9 10 11 |
---------------+----------------------------------+-----
Dodging        | 3 4 5 6 7 8 9 |  9.1
Fighting       | 3 4 5 6 7 8 9 |  9.1
Unarmed Combat | 4 5 6 7 8 10 | 10.8
Invocations    | 2 3 |  3.9
Throwing       | 2 |  2.5

Action                     |  1- 3 |  4- 6 |  7- 9 | 10-12 || total
---------------------------+-------+-------+-------+-------++-------
  Melee: Unarmed           |   109 |   101 |   398 |   251 ||   859
         Punch             |     1 |     1 |    14 |    12 ||    28
  Throw: Throwing net      |       |       |     1 |    11 ||    12
         Boomerang         |       |       |       |    45 ||    45
         Dart              |       |       |       |     8 ||     8
 Invoke: Berserk           |     3 |     5 |    17 |    24 ||    49
         Trog's Hand       |       |     1 |     1 |     2 ||     4
  Evoke: Wand              |       |       |     1 |    24 ||    25
    Use: Scroll            |       |     3 |     5 |    16 ||    24
         Potion            |       |       |       |     8 ||     8
   Stab: Sleeping          |     1 |       |       |     2 ||     3
 Armour: Animal skin       |    43 |    21 |   130 |    26 ||   220
         Steam dragon scal |       |       |       |    84 ||    84
  Dodge: Dodged            |    80 |    74 |   261 |   148 ||   563
  Block: Other             |       |       |       |    51 ||    51
         Reflection        |       |       |       |     3 ||     3
